 Dungeon Crawl Stone Soup version 0.21.1-1-g345015f (webtiles) character file.

55619 empire the Fencer (level 14, -11/104 HPs)
             Began as a Minotaur Fighter on Apr 18, 2018.
             Was the Champion of Cheibriados.
             Mangled by an enormous slime creature (59 damage)
             ... on level 14 of the Dungeon.
             The game lasted 00:42:42 (16078 turns).

empire the Fencer (Minotaur Fighter)               Turns: 16078, Time: 00:42:42

Health: -11/104    AC: 14    Str: 38    XL:     14   Next: 39%
Magic:  20/20      EV: 19    Int: 20    God:    Cheibriados [******]
Gold:   452        SH: 15    Dex: 30    Spells: 15/18 levels left

rFire    . . .     SeeInvis .   b - +7 scimitar
rCold    . . .     Gourm    .   c - +0 shield
rNeg     . . .     Faith    .   e - +0 chain mail
rPois    .         Spirit   .   (helmet restricted)
rElec    .         Reflect  .   T - +0 cloak
rCorr    .         Harm     .   (no gloves)
MR       ++...                  k - +0 pair of boots (curse)
Stlth    ..........             (no amulet)
HPRegen  0.27/turn              p - +2 ring of dexterity
MPRegen  0.17/turn              x - ring of protection from magic

@: very slow
A: retaliatory headbutt, horns 2
a: Bend Time, Temporal Distortion, Slouch, Step From Time, Renounce Religion


You were on level 14 of the Dungeon.
You worshipped Cheibriados.
Cheibriados was exalted by your worship.
You were not hungry.

You visited 2 branches of the dungeon, and saw 15 of its levels.
You also visited: Sewer and Bailey.

You collected 899 gold pieces.
You spent 447 gold pieces at shops.

Inventory:

Hand Weapons
 b - a +7 scimitar (weapon)
 g - the +7 short sword of Twilight {pierce, rC+ MP+9 Str+4}
   (You took it off a crimson imp on level 13 of the Dungeon)

   It inflicts extra damage upon your enemies.
   It affects your strength (+4).
   It protects you from cold.
   It affects your magic capacity (+9).
 h - a +1 hand axe of chopping
 w - a +3 falchion
 y - a +2 vampiric short sword
Missiles
 o - 5 needles of confusion
 s - 22 javelins (quivered)
 K - 15 javelins of returning
Armour
 c - a +0 shield (worn)
 e - a +0 chain mail (worn)
 j - a +0 plate armour
 k - a cursed +0 pair of boots (worn)
 T - a +0 cloak (worn)
Jewellery
 p - a +2 ring of dexterity (left hand)
 v - an uncursed ring of protection from cold
 x - a ring of protection from magic (right hand)
Wands
 a - a wand of acid (13)
 l - a wand of paralysis (24)
 B - a wand of polymorph (14)
 C - a wand of clouds (7)
 F - a wand of enslavement (15)
 Y - a wand of iceblast (3)
Scrolls
 i - 3 scrolls of fear
 m - 9 scrolls of remove curse
 n - a scroll of amnesia
 q - a scroll of identify
 z - 4 scrolls of teleportation
 D - a scroll of fog
 E - a scroll of immolation
 G - 2 scrolls of magic mapping
Potions
 d - a potion of heal wounds
 r - a potion of curing
 t - 4 potions of cancellation
 u - 3 potions of flight
 N - a potion of agility
Miscellaneous
 L - a lightning rod (1/4)
Comestibles
 f - 42 rations
 A - 6 chunks of flesh


   Skills:
 - Level 4.2 Fighting
 * Level 15.1 Long Blades
 + Level 8.6 Throwing
 - Level 10.0 Armour
 - Level 10.0 Dodging
 - Level 10.0 Shields
 + Level 2.5 Spellcasting
 + Level 2.7 Conjurations
 + Level 2.6 Air Magic
 + Level 2.5 Poison Magic
 + Level 5.6 Invocations
 + Level 9.5 Evocations


You had 15 spell levels left.
You knew the following spells:

 Your Spells              Type           Power        Failure   Level  Hunger
a - Mephitic Cloud        Conj/Pois/Air  ##......     65%         3    ###....


Dungeon Overview and Level Annotations

Branches:
Dungeon (14/15)            Temple (1/1) D:4            Lair (0/6) D:10
    Orc (0/2) D:12         Vaults (0/5) D:13

Altars:
Ashenzari
Cheibriados
Dithmenos
Elyvilon
Fedhas
Gozag
Hepliaklqana
Kikubaaqudgha
Makhleb
Nemelex Xobeh
Okawaru
Qazlal
Ru
Sif Muna
Trog
Uskayaw
Vehumet
Wu Jian
Xom
Yredelemnul
Zin
The Shining One
Beogh

Shops:
D:8 %   D:9 ?=((   D:10 (

Annotations:
D:4 exclusion: oklob plant


Innate Abilities, Weirdness & Mutations

You reflexively headbutt those who attack you in melee.
You have a pair of horns on your head.


Message History

Here: an enormous slime creature (heavily wounded)
The floor.
You feel much better.
You block the enormous slime creature's attack.
Evoke which item? (* to show all) (? for menu, Esc to quit)
Aiming: Thunderbolt
Press: ? - help, Shift-Dir - straight line, f - enormous slime creature
Aim: an enormous slime creature (heavily wounded)
The thunderbolt hits the enormous slime creature.
The enormous slime creature is severely wounded.
The enormous slime creature barely misses you.
Evoke which item? (* to show all) (? for menu, Esc to quit)
Aiming: Thunderbolt
Press: ? - help, Shift-Dir - straight line, f/p - enormous slime creature
Aim: an enormous slime creature (severely wounded)
The thunderbolt hits the enormous slime creature.
The enormous slime creature is severely wounded.
The enormous slime creature hits you!!!
Ouch! That really hurt!
You die...

...# )<.. #..#
####. .# #.. .....
.# ... ..... ..#
.# #.#
.....####.##.# #.#
.....#.(...#.#.#J#
.....#.##..#.#.#@#
.....#.##......#.#
######...#.#.# #.#
#.#.#...# #.#
#.#.†%..# #.#
#.####..# #.# ##
#.# ##.###.###
.#####.# #.......#
.......# #.......#


You could see an enormous slime creature.

Vanquished Creatures
  Kirke (D:12)
  3 hydras
  2 centaur warriors
  7 two-headed ogres
  A queen ant (D:9)
  3 tengu warriors (D:13)
  Urug (D:10)
  10 skeletal warriors (D:12)
  A fire crab (shapeshifter) (D:10)
  An unseen horror (shapeshifter) (D:13)
  An unseen horror (D:14)
  A wizard (D:10)
  3 manticores
  2 necromancers (D:13)
  9 ugly things
  A cyclops (D:11)
  2 centaur zombies
  Maurice (D:11)
  Psyche (D:8)
  A freezing wraith (D:14)
  8 trolls
  3 meliai (D:13)
  A queen bee (D:13)
  A tengu conjurer (D:13)
  A hornet (D:12)
  4 slime creatures
  2 dream sheep (D:8)
  A hippogriff (shapeshifter) (D:13)
  4 hippogriffs
  A shadow (D:11)
  2 yaks (D:8)
  Sigmund (D:2)
  A wraith (D:12)
  A wyvern (D:8)
  2 hogs (D:12)
  A basilisk (D:12)
  3 vampire mosquitoes (D:14)
  A hungry ghost (D:13)
  2 water moccasins
  13 soldier ants (D:9)
  An ice beast (D:12)
  Purgy (Sewer)
  2 black bears (D:11)
  17 orc warriors
  3 phantoms
  An eye of draining (shapeshifter) (D:14)
  3 eyes of draining
  3 necrophages
  5 ogres
  14 centaurs
  The ghost of Verendum the Cudgeler, an amateur GrAK of Lugonu (D:3)
  2 crocodiles (D:13)
  6 big kobolds
  6 bullfrogs
  2 wyvern zombies
  A gnoll sergeant (D:6)
  A wyvern skeleton (D:13)
  2 scorpions
  32 killer bees
  10 wights
  5 howler monkeys
  9 crimson imps
  2 bullfrog zombies
  7 hounds
  3 jellies
  2 bullfrog skeletons
  9 orc priests
  5 centaur skeletons
  6 iguanas
  7 orc wizards
  34 worker ants
  2 hound skeletons
  A howler monkey zombie (D:8)
  A worker ant zombie (D:6)
  3 gnolls (D:6)
  13 adders
  4 river rats (D:6)
  4 shadow imps
  2 oozes (D:5)
  2 adder skeletons
  An adder zombie (D:6)
  4 worms
  4 dart slugs
  2 leopard geckos
  83 orcs
  9 giant cockroaches
  12 goblins
  12 hobgoblins
  13 jackals
  3 quokkas
  A ball python (D:6)
  5 bats
  6 frilled lizards
  A jackal skeleton (D:4)
  A jackal zombie (D:5)
  31 kobolds
  A leopard gecko skeleton (D:4)
  A leopard gecko zombie (D:7)
  A quokka zombie (D:7)
  7 rats
  A spectral orc (D:8)
  A plant (D:8)
539 creatures vanquished.

Vanquished Creatures (others)
  2 humans (D:12)
  A black bear (D:12)
3 creatures vanquished.

Grand Total: 542 creatures vanquished

Notes
Turn   | Place    | Note
-------+----------+-------------------------------------------
     0 | D:1      | empire the Minotaur Fighter began the quest for the Orb.
     0 | D:1      | Reached XP level 1. HP: 19/19 MP: 0/0
    61 | D:1      | Reached XP level 2. HP: 27/27 MP: 1/1
   268 | D:1      | Reached XP level 3. HP: 33/33 MP: 2/2
   567 | D:2      | Reached skill level 3 in Long Blades
   813 | D:2      | Reached skill level 1 in Dodging
   815 | D:2      | Reached XP level 4. HP: 29/40 MP: 3/3
   904 | D:2      | Noticed Sigmund
  1131 | D:3      | Noticed Verendum's ghost (amateur GrAK)
  1149 | D:3      | Killed Verendum's ghost
  1149 | D:3      | Reached skill level 4 in Long Blades
  1149 | D:3      | Reached XP level 5. HP: 23/46 MP: 4/4
  1828 | D:3      | Found a burning altar of Makhleb.
  1828 | D:3      | Noticed an Executioner
  1832 | D:3      | Noticed a ynoxinul
  1832 | D:3      | Noticed a hellwing
  2113 | D:4      | Found a blossoming altar of Fedhas.
  2123 | D:4      | Noticed an oklob plant
  2172 | D:4      | Reached XP level 6. HP: 52/52 MP: 5/5
  2211 | D:4      | Found a staircase to the Ecumenical Temple.
  2212 | D:4      | Noticed a water moccasin
  2223 | D:4      | Reached skill level 5 in Armour
  2244 | D:4      | Reached skill level 5 in Shields
  2252 | D:4      | Killed a water moccasin
  2252 | D:4      | Reached skill level 5 in Long Blades
  2281 | Temple   | Entered the Ecumenical Temple
  2385 | Temple   | Became a worshipper of Cheibriados the Contemplative
  2905 | D:4      | Reached XP level 7. HP: 44/59 MP: 6/6
  3026 | D:5      | Entered Level 5 of the Dungeon
  3034 | D:5      | Reached skill level 6 in Long Blades
  3240 | D:5      | Reached * piety under Cheibriados
  3553 | D:5      | Found a sparkling altar of Nemelex Xobeh.
  3554 | D:5      | Found a hazy altar of Hepliaklqana.
  3777 | D:5      | Got an ancient shield
  3796 | D:6      | Found a sacrificial altar of Ru.
  3884 | D:6      | Reached skill level 1 in Throwing
  3906 | D:6      | Found a glowing drain.
  3922 | Sewer    | Entered a sewer
  3984 | Sewer    | Noticed Purgy
  3994 | Sewer    | Killed Purgy
  3994 | Sewer    | Reached skill level 7 in Long Blades
  4044 | Sewer    | Reached ** piety under Cheibriados
  4138 | D:6      | Found a shimmering altar of Xom.
  4140 | D:6      | Found a deep blue altar of Sif Muna.
  4145 | D:6      | Reached XP level 8. HP: 66/66 MP: 7/7
  4785 | D:6      | Reached skill level 8 in Long Blades
  4958 | D:6      | Reached *** piety under Cheibriados
  5083 | D:7      | Reached skill level 5 in Dodging
  5336 | D:7      | Reached XP level 9. HP: 58/71 MP: 8/8
  5431 | D:7      | Reached skill level 9 in Long Blades
  5794 | D:2      | Killed Sigmund
  6283 | D:8      | Reached **** piety under Cheibriados
  6286 | D:8      | Noticed a troll
  6293 | D:8      | Killed a troll
  6602 | D:8      | Noticed Psyche
  6605 | D:8      | Killed Psyche
  6608 | D:8      | Found Voucomm's Food Shoppe.
  6618 | D:8      | Bought a ration for 55 gold pieces
  6618 | D:8      | Bought a ration for 55 gold pieces
  6618 | D:8      | Bought a ration for 55 gold pieces
  6618 | D:8      | Bought a ration for 55 gold pieces
  6618 | D:8      | Bought a ration for 55 gold pieces
  6618 | D:8      | Bought a ration for 55 gold pieces
  6699 | D:8      | Reached skill level 10 in Long Blades
  6736 | D:8      | Reached XP level 10. HP: 64/79 MP: 9/9
  6791 | D:8      | Noticed a three-headed hydra
  6801 | D:8      | Killed a three-headed hydra
  6801 | D:8      | Reached skill level 5 in Throwing
  7512 | D:8      | Found a basalt altar of Yredelemnul.
  7826 | D:9      | Reached ***** piety under Cheibriados
  7826 | D:9      | Reached skill level 11 in Long Blades
  7962 | D:9      | Got a dazzling rapier
  7966 | D:9      | Identified the +6 rapier of Capital Punishment {drain, Int+4} (You found it on level 9 of the Dungeon)
  7967 | D:9      | Identified the cursed -5 shield of Ovoeri {rF- rN+++ Int+2 Dex+3} (You found it on level 5 of the Dungeon)
  8025 | D:9      | Learned a level 3 spell: Mephitic Cloud
  8102 | D:9      | Found Mughuno's Magic Scroll Shop.
  8109 | D:9      | Bought a scroll of identify for 26 gold pieces
  8109 | D:9      | Bought a scroll of identify for 26 gold pieces
  8109 | D:9      | Bought a scroll of identify for 26 gold pieces
  8109 | D:9      | Bought a scroll of remove curse for 39 gold pieces
  8114 | D:9      | Found Joselud's Jewellery Shoppe.
  8152 | D:9      | Found Zunem's Weapon Emporium.
  8213 | D:9      | Reached skill level 1 in Air Magic
  8220 | D:9      | Noticed a queen ant
  8223 | D:9      | Reached skill level 1 in Poison Magic
  8231 | D:9      | Killed a queen ant
  8231 | D:9      | Reached skill level 1 in Spellcasting
  8231 | D:9      | Reached skill level 1 in Conjurations
  8261 | D:9      | Reached XP level 11. HP: 42/84 MP: 11/11
  8589 | D:9      | Found Plog's Weapon Emporium.
  8648 | D:10     | Entered Level 10 of the Dungeon
  8699 | D:10     | Found a flagged portal.
  8703 | D:10     | Reached ****** piety under Cheibriados
  8711 | Bailey   | Entered a bailey
  8962 | Bailey   | Reached skill level 12 in Long Blades
  9407 | D:10     | Reached XP level 12. HP: 91/91 MP: 11/16
  9457 | D:10     | Found Pumiyqux's Antique Weapon Boutique.
  9728 | D:10     | Noticed a two-headed ogre
  9734 | D:10     | Killed a two-headed ogre
  9914 | D:10     | Found a staircase to the Lair.
 10033 | D:10     | Noticed Urug
 10043 | D:10     | Killed Urug
 10043 | D:10     | Reached skill level 1 in Invocations
 10469 | D:11     | Noticed Maurice
 10481 | D:11     | Killed Maurice
 10536 | D:11     | Noticed a two-headed ogre
 10543 | D:11     | Killed a two-headed ogre
 10692 | D:11     | Noticed a two-headed ogre
 10698 | D:11     | Killed a two-headed ogre
 10850 | D:11     | Reached skill level 10 in Shields
 11052 | D:11     | Noticed a two-headed ogre
 11058 | D:11     | Killed a two-headed ogre
 11058 | D:11     | Reached skill level 10 in Armour
 11058 | D:11     | Reached XP level 13. HP: 66/96 MP: 18/18
 11079 | D:11     | Reached skill level 13 in Long Blades
 11987 | D:12     | Noticed Kirke
 12005 | D:12     | Killed Kirke
 12006 | D:12     | Found a staircase to the Orcish Mines.
 12664 | D:12     | Reached skill level 14 in Long Blades
 13345 | D:13     | Found a gate to the Vaults.
 13705 | D:13     | Reached skill level 5 in Invocations
 14366 | D:13     | Reached XP level 14. HP: 101/104 MP: 19/19
 14414 | D:13     | Got a warped short sword {pierce}
 14761 | D:13     | Identified the +7 short sword of Twilight {pierce, rC+ MP+9 Str+4} (You took it off a crimson imp on level 13 of the Dungeon)
 15358 | D:14     | Reached skill level 10 in Dodging
 15366 | D:14     | Reached skill level 15 in Long Blades
 15756 | D:14     | Found a roughly hewn altar of Beogh.
 16078 | D:14     | Mangled by an enormous slime creature

Skill      XL: |  1  2  3  4  5  6  7  8  9 10 11 12 13 14 |
---------------+-------------------------------------------+-----
Armour         | 4 5 6 7 8 9 10 | 10.0
Fighting       | 4 |  4.2
Shields        | 4 5 6 7 8 9 10 | 10.0
Long Blades    | 3 4 5 7 8 10 11 12 14 15 | 15.1
Dodging        | 1 2 3 5 6 7 8 9 10 | 10.0
Throwing       | 1 3 4 5 6 8 |  8.6
Air Magic      | 1 2 |  2.6
Poison Magic   | 1 2 |  2.5
Spellcasting   | 1 2 |  2.5
Conjurations   | 1 2 |  2.7
Evocations     | 7 8 9 |  9.5
Invocations    | 2 5 |  5.6

Action                   |  1- 3 |  4- 6 |  7- 9 | 10-12 | 13-15 || total
-------------------------+-------+-------+-------+-------+-------++-------
Melee: Long sword        |    95 |   156 |   145 |       |       ||   396
       Headbutt          |     9 |    31 |    76 |   119 |   151 ||   386
       Scimitar          |       |       |   155 |   316 |   373 ||   844
Throw: Javelin           |       |       |       |    52 |     9 ||    61
Invok: Slouch            |       |       |       |       |     1 ||     1
Evoke: Lightning rod     |       |       |       |       |     6 ||     6
  Use: Potion            |       |     5 |     5 |     2 |     8 ||    20
       Scroll            |       |     3 |     4 |    23 |     7 ||    37
  Eat: Chunk             |       |     6 |     8 |     8 |    10 ||    32
Armor: Scale mail        |    34 |    45 |       |       |       ||    79
       Chain mail        |       |     5 |   135 |    69 |    84 ||   293
Dodge: Dodged            |    37 |    69 |   140 |   158 |   231 ||   635
Block: Shield            |    56 |    91 |   228 |   263 |   346 ||   984
       Rpst.: Long sword |    12 |    17 |    16 |       |       ||    45
       Scimitar          |       |       |    16 |    38 |    36 ||    90
